Ice Dragons vs Coutelas
Created - October 31, 2020 at 19:08
Goals
|
| Ice Dragons |
1 |
1 |
2 |
0 |
0 |
4 |
| Coutelas |
1 |
1 |
2 |
0 |
1 |
5 |
|
Shots
|
| Ice Dragons |
9 |
14 |
10 |
0 |
3 |
33 |
| Coutelas |
15 |
8 |
10 |
3 |
2 |
36 |
|
1st period
1. Coutelas , Rhett Rakhshani 2 (Teemu Pulkkinen 4, Dustin Kohn 3) at 14:15 (PP)
2. Ice Dragons , Jordan LaVallee 4 (Jerome Gauthier-Leduc 2, Corban Knight 5) at 16:17
Penalties :
Corban Knight (Kin) for Slashing (Minor) at 5:24, Sam Carrick (Kin) for Tripping (Minor) at 8:28, William Carrier (Kin) for Holding (Minor) at 13:42, Mike Reilly (MDÉ) for Holding (Minor) at 19:24
2nd period
3. Ice Dragons , Corban Knight 6 (Brandon Kozun 3, Jordan LaVallee 7) at 6:51 (PP)
4. Coutelas , Craig Cunningham 4 (Garnet Hathaway 3, Dustin Kohn 4) at 15:48
Penalties :
Rhett Rakhshani (MDÉ) for Hooking (Minor) at 3:01, Ben Harpur (MDÉ) for Interference (Minor) at 6:25, Sam Carrick (Kin) for Roughing (Minor) at 16:30
3rd period
5. Ice Dragons , Billy Sweat 2 (Sam Carrick 2) at 3:14
6. Coutelas , Juraj Mikus 3 (Nick Mattson 5, Teemu Pulkkinen 5) at 12:33
7. Coutelas , Teemu Pulkkinen 3 (Dustin Kohn 5, Juraj Mikus 3) at 12:49
8. Ice Dragons , Jordan LaVallee 5 (Zach Trotman 4, Corban Knight 6) at 16:20 (PP)
Penalties :
Mario Lucia (Kin) for Interference (Minor) at 5:31, Nick Mattson (MDÉ) for Hooking (Minor) at 16:04, Oliver Bjorkstrand (MDÉ) for Hooking (Minor) at 18:24
Overtime #1
No Goal
Penalties :
No Penalty
Shootout
Ice Dragons, Corban Knight - Stopped by Joe Cannata
Coutelas, Oliver Bjorkstrand - Goal!
Ice Dragons, Jordan LaVallee - Stopped by Joe Cannata
Coutelas, Craig Cunningham - Stopped by Joacim Eriksson
Ice Dragons, Billy Sweat - Shot Misses the Net
Penalties :
No Penalty
Goalie Stats
Joacim Eriksson (Kin), 32 saves from 36 shots - (0.889), OTL, 0-1-1, 65:00 minutes
Joe Cannata (MDÉ), 29 saves from 33 shots - (0.879), W, 3-2-0, 65:00 minutes
Players Stats for Ice Dragons
Player Name G A P +/- PIM S H SB GA TA FO MP PP MP PK MP
------------------------------------------------------------------------------------
Alex Henriksson 0 0 0 0 0 0 0 0 0 0 0/1 3:59 0:00 2:58
Alex Plante 0 0 0 -1 0 0 2 1 1 0 0/0 21:43 2:10 4:03
Billy Sweat 1 0 1 0 0 4 3 0 0 0 0/1 18:39 2:25 2:31
Brandon Kozun 0 1 1 -1 0 1 1 0 0 0 0/0 18:46 3:50 0:00
Chris Wagner 0 0 0 0 0 0 0 0 0 0 0/0 10:18 0:00 0:00
Cole Ully 0 0 0 0 0 0 0 0 0 0 0/0 1:44 0:00 0:39
Corban Knight 1 2 3 -1 2 5 4 0 2 1 28/43 24:29 3:50 3:30
Emil Pettersson 0 0 0 0 0 2 0 1 0 0 0/4 10:18 0:00 0:00
Jerome Gauthier-Leduc 0 1 1 2 0 0 1 0 0 1 0/0 13:17 0:00 0:00
Jordan LaVallee 2 1 3 -1 0 9 2 0 1 0 3/3 26:36 3:50 4:34
Justin Shugg 0 0 0 0 0 0 1 1 0 0 0/1 15:02 2:25 0:00
Kevin Connauton 0 0 0 -2 0 3 2 5 2 0 0/0 30:00 4:05 4:26
Logan MacMillan 0 0 0 0 0 2 0 0 0 0 0/0 6:35 0:00 0:00
Mario Lucia 0 0 0 0 2 1 0 0 0 0 0/0 6:43 0:00 0:00
Phil Di Giuseppe 0 0 0 0 0 0 0 0 0 0 0/1 1:25 0:00 0:00
Robin Norell 0 0 0 2 0 1 0 0 0 1 0/0 13:17 0:00 0:00
Sam Carrick 0 1 1 0 4 2 2 0 2 0 3/9 17:56 2:25 1:12
Samuel Groulx 0 0 0 -1 0 0 0 2 1 2 0/0 21:43 2:10 4:03
Theodor Blueger 0 0 0 0 0 2 0 0 0 0 2/3 8:39 0:00 1:34
Thomas Gobeil 0 0 0 0 0 0 0 0 0 0 0/0 0:00 0:00 0:00
William Carrier 0 0 0 0 2 0 1 1 1 1 0/1 10:17 0:00 0:00
Zach Trotman 0 1 1 -2 0 1 1 0 0 2 0/0 30:00 4:05 4:26
Players Stats for Coutelas
Player Name G A P +/- PIM S H SB GA TA FO MP PP MP PK MP
------------------------------------------------------------------------------------
Ben Harpur 0 0 0 0 2 3 4 2 0 2 0/0 30:08 4:55 4:02
Craig Cunningham 1 0 1 0 0 5 0 0 1 0 0/2 28:05 4:07 4:08
Dustin Kohn 0 3 3 0 0 0 2 4 1 1 0/0 30:45 4:55 4:28
Garnet Hathaway 0 1 1 0 0 4 1 0 0 0 0/0 18:01 4:21 0:00
Julius Honka 0 0 0 0 0 1 1 1 1 0 0/0 13:17 0:00 1:08
Juraj Mikus 1 1 2 2 0 1 2 0 1 0 6/19 21:08 3:54 3:57
Kurtis Gabriel 0 0 0 0 0 1 2 1 0 0 0/0 12:09 0:03 0:00
Mattias Janmark 0 0 0 0 0 3 1 1 1 0 1/1 12:01 0:00 0:00
Mike Amadio 0 0 0 -1 0 0 1 1 0 0 3/4 9:46 0:00 1:05
Mike Reilly 0 0 0 1 2 1 1 0 0 1 0/0 21:50 3:34 1:29
Mikhail Grigorenko 0 0 0 0 0 4 0 1 2 0 3/5 13:04 0:00 0:01
Myles Bell 0 0 0 0 0 0 0 0 0 0 0/0 1:38 0:11 0:00
Nick Mattson 0 1 1 1 2 2 1 3 0 3 0/0 21:56 3:34 2:11
Oliver Bjorkstrand 0 0 0 -1 2 1 1 0 0 0 1/1 8:21 0:39 0:00
Patrick Sieloff 0 0 0 0 0 1 1 2 0 2 0/0 12:37 0:00 0:00
Rhett Rakhshani 1 0 1 2 2 2 0 0 0 1 0/1 17:11 3:54 0:00
Tanner Richard 0 0 0 0 0 3 4 0 0 0 17/34 19:51 4:24 1:39
Teemu Pulkkinen 1 2 3 1 0 4 0 0 1 0 0/0 21:28 3:54 2:04
3 Stars
1 - Jordan LaVallee (Kin)
2 - Teemu Pulkkinen (MDÉ)
3 - Juraj Mikus (MDÉ)
Power Play
Ice Dragons - 2 on 5 Attempt(s) - 40.00%
Coutelas - 1 on 5 Attempt(s) - 20.00%
Penalty Kill
Ice Dragons - 4 on 5 Attempt(s) - 80.00%
- Score 0 goal in Penalty Kill
Coutelas - 3 on 5 Attempt(s) - 60.00%
- Score 0 goal in Penalty Kill
Team Stat
Ice Dragons - Hits : 20 - Faceoff Wins : 36 - Blocked Shots : 11 - Penalty Minutes : 10
Coutelas - Hits : 22 - Faceoff Wins : 31 - Blocked Shots : 16 - Penalty Minutes : 10
Official
Referees : Unknown
Linesman : Unknown
Game Notes
16:17 of 1st period - Ice Dragons goal is going for a video replay. After video review, Goal.
Finance
Level 1 -- Attendance: 1447 (72.35%) -- Ticket Income $57,880
Level 2 -- Attendance: 637 (63.70%) -- Ticket Income $12,740
Total Attendance: 2084 (69.47%)
Total Ticket Income: $70,620
Other Income: $3,531
Total Income: $74,151
Ice Dragons
5 vs 5 Forward
Center Left Wing Right Wing Time % Phy DF OF
1 Corban Knight Jordan LaVallee Brandon Kozun 40 1 2 2
2 Sam Carrick Billy Sweat Justin Shugg 30 1 2 2
3 Emil Pettersson William Carrier Chris Wagner 20 1 2 2
4 Theodor Blueger Logan MacMillan Mario Lucia 10 1 2 2
5 vs 5 Defense
Defense Defense Time % Phy DF OF
1 Kevin Connauton Zach Trotman 40 1 2 2
2 Samuel Groulx Alex Plante 30 1 2 2
3 Jerome Gauthier-Leduc Robin Norell 20 1 2 2
4 Kevin Connauton Zach Trotman 10 1 2 2
PowerPlay Forward
Center Left Wing Right Wing Time % Phy DF OF
1 Corban Knight Jordan LaVallee Brandon Kozun 60 1 2 2
2 Sam Carrick Billy Sweat Justin Shugg 40 1 2 2
PowerPlay Defense
Defense Defense Time % Phy DF OF
1 Kevin Connauton Zach Trotman 60 1 2 2
2 Samuel Groulx Alex Plante 40 1 2 2
Penalty Kill 4 Players Forward
Center Wing Time % Phy DF OF
1 Corban Knight Jordan LaVallee 60 1 2 2
2 Billy Sweat Sam Carrick 40 1 2 2
Penalty Kill 4 Players Defense
Defense Defense Time % Phy DF OF
1 Kevin Connauton Zach Trotman 60 1 2 2
2 Samuel Groulx Alex Plante 40 1 2 2
Penalty Kill - 3 Players Forward
Forward Time % Phy DF OF
1 Corban Knight 60 1 2 2
2 Jordan LaVallee 40 1 2 2
Penalty Kill - 3 Players Defense
Defense Defense Time % Phy DF OF
1 Kevin Connauton Zach Trotman 60 1 2 2
2 Samuel Groulx Alex Plante 40 1 2 2
4 vs 4 Forward
Center Wing Time % Phy DF OF
1 Corban Knight Jordan LaVallee 60 1 2 2
2 Billy Sweat Sam Carrick 40 1 2 2
4 vs 4 Defense
Defense Defense Time % Phy DF OF
1 Kevin Connauton Zach Trotman 60 1 2 2
2 Samuel Groulx Alex Plante 40 1 2 2
Last Minutes Offensive
Center Left Wing Right Wing Defense Defense
Corban Knight Jordan LaVallee Brandon Kozun Kevin Connauton Zach Trotman
Last Minutes Defensive
Center Left Wing Right Wing Defense Defense
Corban Knight Jordan LaVallee Brandon Kozun Kevin Connauton Zach Trotman
Goaltenders
Starting : Joacim Eriksson
Backup : Chet Pickard
Extra Forwards
Normal : Phil Di Giuseppe, Cole Ully, Alex Henriksson - PP : Phil Di Giuseppe, Cole Ully - PK : Alex Henriksson
Extra Defensemen
Normal : Jerome Gauthier-Leduc, Robin Norell, Samuel Groulx - PP : Jerome Gauthier-Leduc - PK : Robin Norell, Samuel Groulx
Penalty Shots
Corban Knight, Jordan LaVallee, Billy Sweat, Sam Carrick, William Carrier
Scratches
Adam Clendening (Bruised Right Leg Injury), Juho Lammikko (Suspend), Oscar Dansk (Healthy)
Coutelas
5 vs 5 Forward
Center Left Wing Right Wing Time % Phy DF OF
1 Tanner Richard Craig Cunningham Garnet Hathaway 40 1 2 2
2 Juraj Mikus Teemu Pulkkinen Rhett Rakhshani 30 1 2 2
3 Mike Amadio Craig Cunningham Oliver Bjorkstrand 20 1 2 2
4 Mikhail Grigorenko Mattias Janmark Kurtis Gabriel 10 1 2 2
5 vs 5 Defense
Defense Defense Time % Phy DF OF
1 Dustin Kohn Ben Harpur 40 1 2 2
2 Nick Mattson Mike Reilly 30 1 2 2
3 Patrick Sieloff Julius Honka 20 1 2 2
4 Dustin Kohn Ben Harpur 10 1 2 2
PowerPlay Forward
Center Left Wing Right Wing Time % Phy DF OF
1 Tanner Richard Craig Cunningham Garnet Hathaway 60 1 2 2
2 Juraj Mikus Teemu Pulkkinen Rhett Rakhshani 40 1 2 2
PowerPlay Defense
Defense Defense Time % Phy DF OF
1 Dustin Kohn Ben Harpur 60 1 2 2
2 Nick Mattson Mike Reilly 40 1 2 2
Penalty Kill 4 Players Forward
Center Wing Time % Phy DF OF
1 Juraj Mikus Craig Cunningham 60 1 2 2
2 Tanner Richard Teemu Pulkkinen 40 1 2 2
Penalty Kill 4 Players Defense
Defense Defense Time % Phy DF OF
1 Dustin Kohn Ben Harpur 60 1 2 2
2 Nick Mattson Mike Reilly 40 1 2 2
Penalty Kill - 3 Players Forward
Forward Time % Phy DF OF
1 Tanner Richard 60 1 2 2
2 Craig Cunningham 40 1 2 2
Penalty Kill - 3 Players Defense
Defense Defense Time % Phy DF OF
1 Dustin Kohn Ben Harpur 60 1 2 2
2 Nick Mattson Mike Reilly 40 1 2 2
4 vs 4 Forward
Center Wing Time % Phy DF OF
1 Mike Amadio Craig Cunningham 60 1 2 2
2 Tanner Richard Teemu Pulkkinen 40 1 2 2
4 vs 4 Defense
Defense Defense Time % Phy DF OF
1 Dustin Kohn Ben Harpur 60 1 2 2
2 Nick Mattson Mike Reilly 40 1 2 2
Last Minutes Offensive
Center Left Wing Right Wing Defense Defense
Tanner Richard Craig Cunningham Garnet Hathaway Dustin Kohn Ben Harpur
Last Minutes Defensive
Center Left Wing Right Wing Defense Defense
Tanner Richard Craig Cunningham Garnet Hathaway Dustin Kohn Ben Harpur
Goaltenders
Starting : Joe Cannata
Backup : Ilya Samsonov
Extra Forwards
Normal : Craig Cunningham, Oliver Bjorkstrand, Mike Amadio - PP : Craig Cunningham, Oliver Bjorkstrand - PK : Mike Amadio
Extra Defensemen
Normal : Patrick Sieloff, Julius Honka, Nick Mattson - PP : Patrick Sieloff - PK : Julius Honka, Nick Mattson
Penalty Shots
Oliver Bjorkstrand, Craig Cunningham, Tanner Richard, Teemu Pulkkinen, Juraj Mikus
Scratches
Colin White (Healthy), Ross Johnston (Healthy), Patrick Russell (Healthy), Zach Whitecloud (Healthy), Nick Paul (Healthy)
Duncan Siemens (Healthy), Calle Andersson (Healthy), Clark Bishop (Healthy), Nikita Scherbak (Healthy), JJ. Piccinich (Healthy)
Michael Giugovaz (Healthy)
% Time on Ice - Ice Dragons
Lines # - Real PCT - Wanted PCT - Time Play
Normal Forward
1 - 35% - 40% - 15:42
2 - 28% - 30% - 12:41
3 - 23% - 20% - 10:18
4 - 15% - 10% - 6:35
Normal Defense
1 - 40% - 40% - 18:04
2 - 30% - 30% - 13:33
3 - 28% - 20% - 12:43
4 - 2% - 10% - 0:56
PP Forward
1 - 61% - 60% - 3:50
2 - 39% - 40% - 2:25
PP Defense
1 - 65% - 60% - 4:05
2 - 35% - 40% - 2:10
PK Forward
1 - 69% - 60% - 5:53
2 - 31% - 40% - 2:36
PK Defense
1 - 52% - 60% - 4:26
2 - 48% - 40% - 4:03
PK3 Forward
1 - 0% - 60%
2 - 0% - 40%
PK3 Defense
1 - 0% - 60%
2 - 0% - 40%
44 Forward
1 - 78% - 60% - 3:54
2 - 22% - 40% - 1:06
44 Defense
1 - 61% - 60% - 3:03
2 - 39% - 40% - 1:57
Last Minute Offensive - 0:00
Last Minute Defensive - 0:00
Total
Forward - 65:00
Defense - 65:00
|
% Time on Ice - Coutelas
Lines # - Real PCT - Wanted PCT - Time Play
Normal Forward
1 - 31% - 40% - 14:04
2 - 30% - 30% - 13:35
3 - 12% - 20% - 5:36
4 - 27% - 10% - 12:01
Normal Defense
1 - 40% - 40% - 18:05
2 - 31% - 30% - 14:03
3 - 27% - 20% - 12:09
4 - 2% - 10% - 0:59
PP Forward
1 - 54% - 60% - 4:35
2 - 46% - 40% - 3:54
PP Defense
1 - 58% - 60% - 4:55
2 - 42% - 40% - 3:34
PK Forward
1 - 80% - 60% - 5:00
2 - 20% - 40% - 1:15
PK Defense
1 - 65% - 60% - 4:04
2 - 35% - 40% - 2:11
PK3 Forward
1 - 100% - 60% - 0:24
2 - 0% - 40% - 0:00
PK3 Defense
1 - 100% - 60% - 0:24
2 - 0% - 40% - 0:00
44 Forward
1 - 95% - 60% - 4:23
2 - 5% - 40% - 0:13
44 Defense
1 - 53% - 60% - 2:27
2 - 47% - 40% - 2:09
Last Minute Offensive - 0:00
Last Minute Defensive - 0:00
Total
Forward - 65:00
Defense - 65:00
|
Play-by-Play
1st period
0:01 of 1st period - Tanner Richard wins face-off versus Corban Knight in neutral zone.
0:14 of 1st period - Snap shot by Garnet Hathaway.
0:14 of 1st period - Shot Misses the Net.
0:28 of 1st period - Zach Trotman is hit by Juraj Mikus and loses puck.
1:20 of 1st period - Snap shot by Mario Lucia.
1:20 of 1st period - Shot Blocked by Nick Mattson.
1:30 of 1st period - Nick Mattson is hit by Corban Knight and loses puck.
1:39 of 1st period - Alex Plante is hit by Julius Honka and loses puck.
2:32 of 1st period - Snap shot by Brandon Kozun.
2:32 of 1st period - Shot Blocked by Patrick Sieloff.
2:38 of 1st period - Snap shot by Brandon Kozun.
2:38 of 1st period - Stopped by Joe Cannata with a rebound.
2:46 of 1st period - Wrist shot by Jordan LaVallee.
2:46 of 1st period - Stopped by Joe Cannata without a rebound.
2:47 of 1st period - Sam Carrick wins face-off versus Juraj Mikus in Coutelas zone.
2:50 of 1st period - Snap shot by Billy Sweat.
2:50 of 1st period - Shot Blocked by Ben Harpur.
2:52 of 1st period - Snap shot by Sam Carrick.
2:52 of 1st period - Shot Blocked by Dustin Kohn.
3:20 of 1st period - Slapshot by William Carrier.
3:20 of 1st period - Shot Blocked by Dustin Kohn.
3:22 of 1st period - Slapshot by Kevin Connauton.
3:22 of 1st period - Shot Misses the Net.
3:24 of 1st period - Slapshot by Zach Trotman.
3:24 of 1st period - Shot Blocked by Kurtis Gabriel.
3:26 of 1st period - Slapshot by Zach Trotman.
3:26 of 1st period - Shot Misses the Net.
3:28 of 1st period - Snap shot by Chris Wagner.
3:28 of 1st period - Shot Misses the Net.
3:42 of 1st period - Zach Trotman is hit by Ben Harpur and loses puck.
5:24 of 1st period - Minor Penalty to Corban Knight for Slashing.
5:25 of 1st period - Tanner Richard wins face-off versus Alex Henriksson in Ice Dragons zone.
5:30 of 1st period - Snap shot by Garnet Hathaway.
5:30 of 1st period - Stopped by Joacim Eriksson with a rebound.
5:32 of 1st period - Snap shot by Craig Cunningham.
5:32 of 1st period - Shot Blocked by Kevin Connauton.
5:34 of 1st period - Snap shot by Craig Cunningham.
5:34 of 1st period - Stopped by Joacim Eriksson with a rebound.
6:00 of 1st period - Slapshot by Teemu Pulkkinen.
6:00 of 1st period - Stopped by Joacim Eriksson with a rebound.
6:57 of 1st period - Dustin Kohn is hit by Billy Sweat.
7:24 of 1st period - Penalty to Corban Knight is over, Corban Knight is back on ice.
7:35 of 1st period - Robin Norell is hit by Ben Harpur and loses puck.
8:02 of 1st period - Rhett Rakhshani is hit by Kevin Connauton and loses puck.
8:19 of 1st period - Patrick Sieloff is hit by Sam Carrick and loses puck.
8:28 of 1st period - Minor Penalty to Sam Carrick for Tripping.
8:29 of 1st period - Corban Knight wins face-off versus Rhett Rakhshani in Ice Dragons zone.
10:12 of 1st period - Teemu Pulkkinen is hit by Corban Knight and loses puck.
10:28 of 1st period - Penalty to Sam Carrick is over, Sam Carrick is back on ice.
11:07 of 1st period - Wrist shot by Theodor Blueger.
11:07 of 1st period - Stopped by Joe Cannata without a rebound.
11:08 of 1st period - Theodor Blueger wins face-off versus Mikhail Grigorenko in Coutelas zone.
11:09 of 1st period - Snap shot by Logan MacMillan.
11:09 of 1st period - Shot Blocked by Patrick Sieloff.
11:11 of 1st period - Slapshot by Kevin Connauton.
11:11 of 1st period - Stopped by Joe Cannata with a rebound.
11:33 of 1st period - Zach Trotman is hit by Patrick Sieloff and loses puck.
11:54 of 1st period - Wrist shot by Jordan LaVallee.
11:54 of 1st period - Stopped by Joe Cannata without a rebound.
11:55 of 1st period - Juraj Mikus wins face-off versus Corban Knight in Coutelas zone.
12:17 of 1st period - Wrist shot by Corban Knight.
12:17 of 1st period - Stopped by Joe Cannata without a rebound.
12:18 of 1st period - Tanner Richard wins face-off versus Sam Carrick in Coutelas zone.
12:33 of 1st period - Wrist shot by Tanner Richard.
12:33 of 1st period - Shot Misses the Net.
12:40 of 1st period - Icing by Billy Sweat.
12:41 of 1st period - Juraj Mikus wins face-off versus Corban Knight in Ice Dragons zone.
12:56 of 1st period - Wrist shot by Rhett Rakhshani.
12:56 of 1st period - Shot Misses the Net.
13:18 of 1st period - Wrist shot by Tanner Richard.
13:18 of 1st period - Shot Blocked by Justin Shugg.
13:28 of 1st period - Kurtis Gabriel is hit by Alex Plante and loses puck.
13:42 of 1st period - Minor Penalty to William Carrier for Holding.
13:43 of 1st period - Corban Knight wins face-off versus Tanner Richard in Ice Dragons zone.
13:43 of 1st period - Corban Knight is hit by Tanner Richard.
14:13 of 1st period - Wrist shot by Rhett Rakhshani.
14:13 of 1st period - Shot Misses the Net.
14:15 of 1st period - Slapshot by Rhett Rakhshani.
14:15 of 1st period - Goal by Rhett Rakhshani - Ice Dragons : 0 - Coutelas : 1.
14:16 of 1st period - Tanner Richard wins face-off versus Corban Knight in neutral zone.
15:07 of 1st period - Snap shot by Mikhail Grigorenko.
15:07 of 1st period - Stopped by Joacim Eriksson with a rebound.
15:09 of 1st period - Slapshot by Ben Harpur.
15:09 of 1st period - Stopped by Joacim Eriksson without a rebound.
15:10 of 1st period - Corban Knight wins face-off versus Craig Cunningham in Ice Dragons zone.
15:15 of 1st period - Alex Plante is hit by Garnet Hathaway and loses puck.
15:20 of 1st period - Slapshot by Craig Cunningham.
15:20 of 1st period - Shot Blocked by Samuel Groulx.
15:22 of 1st period - Snap shot by Nick Mattson.
15:22 of 1st period - Shot Misses the Net.
15:24 of 1st period - Wrist shot by Tanner Richard.
15:24 of 1st period - Shot Misses the Net.
15:26 of 1st period - Snap shot by Tanner Richard.
15:26 of 1st period - Stopped by Joacim Eriksson without a rebound.
15:27 of 1st period - Juraj Mikus wins face-off versus Sam Carrick in Ice Dragons zone.
15:57 of 1st period - Mike Reilly is hit by Jerome Gauthier-Leduc and loses puck.
16:03 of 1st period - Off-side.
16:04 of 1st period - Corban Knight wins face-off versus Tanner Richard in neutral zone.
16:13 of 1st period - Wrist shot by Jordan LaVallee.
16:13 of 1st period - Stopped by Joe Cannata with a rebound.
16:15 of 1st period - Slapshot by Jerome Gauthier-Leduc.
16:15 of 1st period - Shot Misses the Net.
16:17 of 1st period - Snap shot by Jordan LaVallee.
16:17 of 1st period - Ice Dragons goal is going for a video replay.
16:17 of 1st period - The goal is good.
16:17 of 1st period - Goal by Jordan LaVallee - Ice Dragons : 1 - Coutelas : 1.
16:18 of 1st period - Tanner Richard wins face-off versus Corban Knight in neutral zone.
16:21 of 1st period - Zach Trotman is hit by Tanner Richard.
17:06 of 1st period - Snap shot by Mikhail Grigorenko.
17:06 of 1st period - Stopped by Joacim Eriksson with a rebound.
17:08 of 1st period - Wrist shot by Mattias Janmark.
17:08 of 1st period - Deflect By Mikhail Grigorenko.
17:08 of 1st period - Stopped by Joacim Eriksson with a rebound.
17:10 of 1st period - Snap shot by Kurtis Gabriel.
17:10 of 1st period - Stopped by Joacim Eriksson without a rebound.
17:11 of 1st period - Tanner Richard wins face-off versus Emil Pettersson in Ice Dragons zone.
17:12 of 1st period - Snap shot by Garnet Hathaway.
17:12 of 1st period - Deflect By Tanner Richard.
17:12 of 1st period - Stopped by Joacim Eriksson with a rebound.
17:19 of 1st period - Off-side.
17:20 of 1st period - Tanner Richard wins face-off versus Corban Knight in neutral zone.
17:23 of 1st period - Wrist shot by Garnet Hathaway.
17:23 of 1st period - Deflect By Tanner Richard.
17:23 of 1st period - Stopped by Joacim Eriksson without a rebound.
17:24 of 1st period - Corban Knight wins face-off versus Tanner Richard in Ice Dragons zone.
17:49 of 1st period - Kevin Connauton is hit by Ben Harpur and loses puck.
18:16 of 1st period - Snap shot by Mattias Janmark.
18:16 of 1st period - Stopped by Joacim Eriksson without a rebound.
18:17 of 1st period - Corban Knight wins face-off versus Mikhail Grigorenko in Ice Dragons zone.
18:24 of 1st period - Mattias Janmark is hit by Jordan LaVallee and loses puck.
18:39 of 1st period - Slapshot by Mikhail Grigorenko.
18:39 of 1st period - Stopped by Joacim Eriksson with a rebound.
18:43 of 1st period - Snap shot by Dustin Kohn.
18:43 of 1st period - Shot Misses the Net.
18:45 of 1st period - Slapshot by Ben Harpur.
18:45 of 1st period - Stopped by Joacim Eriksson with a rebound.
18:47 of 1st period - Slapshot by Kurtis Gabriel.
18:47 of 1st period - Shot Misses the Net.
19:20 of 1st period - Wrist shot by Logan MacMillan.
19:20 of 1st period - Deflect By Mario Lucia.
19:20 of 1st period - Stopped by Joe Cannata without a rebound.
19:21 of 1st period - Tanner Richard wins face-off versus Theodor Blueger in Coutelas zone.
19:21 of 1st period - Tanner Richard is hit by Kevin Connauton.
19:24 of 1st period - Minor Penalty to Mike Reilly for Holding.
19:25 of 1st period - Corban Knight wins face-off versus Juraj Mikus in Coutelas zone.
Goals for this period are 1 for Ice Dragons vs 1 for Coutelas.
Shots for this period are 9 for Ice Dragons vs 15 for Coutelas.
2nd period
0:01 of 2nd period - Corban Knight wins face-off versus Craig Cunningham in neutral zone.
1:24 of 2nd period - Penalty to Mike Reilly is over, Mike Reilly is back on ice.
1:27 of 2nd period - Ben Harpur is hit by William Carrier and loses puck.
1:57 of 2nd period - Wrist shot by Teemu Pulkkinen.
1:57 of 2nd period - Shot Misses the Net.
1:59 of 2nd period - Slapshot by Patrick Sieloff.
1:59 of 2nd period - Deflect By Teemu Pulkkinen.
1:59 of 2nd period - Shot Misses the Net.
1:59 of 2nd period - Puck is out of play.
2:00 of 2nd period - Sam Carrick wins face-off versus Tanner Richard in Ice Dragons zone.
2:07 of 2nd period - Wrist shot by Sam Carrick.
2:07 of 2nd period - Shot Misses the Net.
2:09 of 2nd period - Slapshot by Billy Sweat.
2:09 of 2nd period - Shot Blocked by Julius Honka.
2:11 of 2nd period - Slapshot by Sam Carrick.
2:11 of 2nd period - Shot Misses the Net.
2:13 of 2nd period - Snap shot by Kevin Connauton.
2:13 of 2nd period - Shot Misses the Net.
2:15 of 2nd period - Slapshot by Sam Carrick.
2:15 of 2nd period - Stopped by Joe Cannata with a rebound.
3:01 of 2nd period - Minor Penalty to Rhett Rakhshani for Hooking.
3:02 of 2nd period - Corban Knight wins face-off versus Juraj Mikus in Coutelas zone.
3:05 of 2nd period - Snap shot by Corban Knight.
3:05 of 2nd period - Shot Hit the Post.
3:17 of 2nd period - Snap shot by Jordan LaVallee.
3:17 of 2nd period - Stopped by Joe Cannata without a rebound.
3:18 of 2nd period - Corban Knight wins face-off versus Juraj Mikus in Coutelas zone.
3:23 of 2nd period - Wrist shot by Corban Knight.
3:23 of 2nd period - Shot Misses the Net.
4:43 of 2nd period - Juraj Mikus is hit by Billy Sweat and loses puck.
5:01 of 2nd period - Penalty to Rhett Rakhshani is over, Rhett Rakhshani is back on ice.
5:11 of 2nd period - Icing by Patrick Sieloff.
5:12 of 2nd period - Mikhail Grigorenko wins face-off versus Emil Pettersson in Coutelas zone.
5:16 of 2nd period - Off-side.
5:17 of 2nd period - Mattias Janmark wins face-off versus Emil Pettersson in neutral zone.
5:37 of 2nd period - Wrist shot by Emil Pettersson.
5:37 of 2nd period - Shot Blocked by Nick Mattson.
5:39 of 2nd period - Slapshot by William Carrier.
5:39 of 2nd period - Shot Misses the Net.
5:41 of 2nd period - Slapshot by William Carrier.
5:41 of 2nd period - Shot Blocked by Nick Mattson.
5:45 of 2nd period - Snap shot by Emil Pettersson.
5:45 of 2nd period - Stopped by Joe Cannata with a rebound.
5:47 of 2nd period - Backhand shot by Robin Norell.
5:47 of 2nd period - Stopped by Joe Cannata with a rebound.
5:49 of 2nd period - Snap shot by William Carrier.
5:49 of 2nd period - Shot Misses the Net.
5:51 of 2nd period - Wrist shot by Emil Pettersson.
5:51 of 2nd period - Deflect By Mike Reilly.
5:51 of 2nd period - Stopped by Joe Cannata without a rebound.
5:52 of 2nd period - Jordan LaVallee wins face-off versus Tanner Richard in Coutelas zone.
5:53 of 2nd period - Snap shot by Corban Knight.
5:53 of 2nd period - Shot Blocked by Dustin Kohn.
5:55 of 2nd period - Wrist shot by Jordan LaVallee.
5:55 of 2nd period - Stopped by Joe Cannata without a rebound.
5:56 of 2nd period - Corban Knight wins face-off versus Tanner Richard in Coutelas zone.
6:04 of 2nd period - Off-side.
6:05 of 2nd period - Tanner Richard wins face-off versus Corban Knight in neutral zone.
6:25 of 2nd period - Minor Penalty to Ben Harpur for Interference.
6:26 of 2nd period - Corban Knight wins face-off versus Juraj Mikus in Coutelas zone.
6:35 of 2nd period - Snap shot by Corban Knight.
6:35 of 2nd period - Stopped by Joe Cannata with a rebound.
6:39 of 2nd period - Wrist shot by Corban Knight.
6:39 of 2nd period - Shot Misses the Net.
6:41 of 2nd period - Snap shot by Jordan LaVallee.
6:41 of 2nd period - Stopped by Joe Cannata without a rebound.
6:42 of 2nd period - Corban Knight wins face-off versus Juraj Mikus in Coutelas zone.
6:51 of 2nd period - Slapshot by Corban Knight.
6:51 of 2nd period - Goal by Corban Knight - Ice Dragons : 2 - Coutelas : 1.
6:52 of 2nd period - Jordan LaVallee wins face-off versus Tanner Richard in neutral zone.
7:17 of 2nd period - Billy Sweat is hit by Dustin Kohn and loses puck.
7:58 of 2nd period - Snap shot by Craig Cunningham.
7:58 of 2nd period - Shot Misses the Net.
8:00 of 2nd period - Slapshot by Patrick Sieloff.
8:00 of 2nd period - Stopped by Joacim Eriksson with a rebound.
8:17 of 2nd period - Brandon Kozun is hit by Juraj Mikus and loses puck.
8:44 of 2nd period - Dustin Kohn is hit by Sam Carrick and loses puck.
8:51 of 2nd period - Justin Shugg is hit by Kurtis Gabriel and loses puck.
9:30 of 2nd period - Zach Trotman is hit by Oliver Bjorkstrand and loses puck.
10:03 of 2nd period - Robin Norell is hit by Nick Mattson and loses puck.
10:20 of 2nd period - Kevin Connauton is hit by Kurtis Gabriel and loses puck.
10:47 of 2nd period - Wrist shot by Kevin Connauton.
10:47 of 2nd period - Stopped by Joe Cannata with a rebound.
10:56 of 2nd period - Off-side.
10:57 of 2nd period - Theodor Blueger wins face-off versus Tanner Richard in neutral zone.
11:05 of 2nd period - Off-side.
11:06 of 2nd period - Corban Knight wins face-off versus Juraj Mikus in neutral zone.
11:21 of 2nd period - Snap shot by Corban Knight.
11:21 of 2nd period - Shot Misses the Net.
11:31 of 2nd period - Wrist shot by Craig Cunningham.
11:31 of 2nd period - Stopped by Joacim Eriksson without a rebound.
11:32 of 2nd period - Tanner Richard wins face-off versus Sam Carrick in Ice Dragons zone.
11:33 of 2nd period - Wrist shot by Garnet Hathaway.
11:33 of 2nd period - Stopped by Joacim Eriksson without a rebound.
11:34 of 2nd period - Tanner Richard wins face-off versus Sam Carrick in Ice Dragons zone.
11:35 of 2nd period - Snap shot by Craig Cunningham.
11:35 of 2nd period - Shot Misses the Net.
11:45 of 2nd period - Slapshot by Billy Sweat.
11:45 of 2nd period - Stopped by Joe Cannata without a rebound.
11:46 of 2nd period - Corban Knight wins face-off versus Tanner Richard in Coutelas zone.
11:59 of 2nd period - Wrist shot by Tanner Richard.
11:59 of 2nd period - Shot Misses the Net.
12:01 of 2nd period - Snap shot by Ben Harpur.
12:01 of 2nd period - Stopped by Joacim Eriksson without a rebound.
12:02 of 2nd period - Juraj Mikus wins face-off versus Sam Carrick in Ice Dragons zone.
12:03 of 2nd period - Wrist shot by Rhett Rakhshani.
12:03 of 2nd period - Stopped by Joacim Eriksson without a rebound.
12:04 of 2nd period - Juraj Mikus wins face-off versus Billy Sweat in Ice Dragons zone.
12:11 of 2nd period - Dustin Kohn is hit by Zach Trotman and loses puck.
12:35 of 2nd period - Snap shot by Billy Sweat.
12:35 of 2nd period - Stopped by Joe Cannata without a rebound.
12:36 of 2nd period - Tanner Richard wins face-off versus Corban Knight in Coutelas zone.
13:03 of 2nd period - Craig Cunningham is hit by Alex Plante and loses puck.
13:38 of 2nd period - Snap shot by Tanner Richard.
13:38 of 2nd period - Shot Misses the Net.
13:40 of 2nd period - Slapshot by Craig Cunningham.
13:40 of 2nd period - Shot Blocked by Emil Pettersson.
13:42 of 2nd period - Slapshot by Nick Mattson.
13:42 of 2nd period - Shot Misses the Net.
13:44 of 2nd period - Wrist shot by Garnet Hathaway.
13:44 of 2nd period - Shot Hit the Post.
13:46 of 2nd period - Slapshot by Mike Reilly.
13:46 of 2nd period - Deflect By Tanner Richard.
13:46 of 2nd period - Shot Misses the Net.
13:46 of 2nd period - Puck is out of play.
13:47 of 2nd period - Corban Knight wins face-off versus Juraj Mikus in Ice Dragons zone.
14:02 of 2nd period - Slapshot by Dustin Kohn.
14:02 of 2nd period - Shot Misses the Net.
14:22 of 2nd period - Slapshot by Kevin Connauton.
14:22 of 2nd period - Stopped by Joe Cannata without a rebound.
14:23 of 2nd period - Mikhail Grigorenko wins face-off versus Sam Carrick in Coutelas zone.
15:01 of 2nd period - Wrist shot by Mattias Janmark.
15:01 of 2nd period - Stopped by Joacim Eriksson with a rebound.
15:34 of 2nd period - Snap shot by Logan MacMillan.
15:34 of 2nd period - Stopped by Joe Cannata without a rebound.
15:35 of 2nd period - Tanner Richard wins face-off versus Corban Knight in Coutelas zone.
15:44 of 2nd period - Snap shot by Garnet Hathaway.
15:44 of 2nd period - Stopped by Joacim Eriksson with a rebound.
15:46 of 2nd period - Wrist shot by Craig Cunningham.
15:46 of 2nd period - Shot Blocked by Kevin Connauton.
15:48 of 2nd period - Backhand shot by Craig Cunningham.
15:48 of 2nd period - Goal by Craig Cunningham - Ice Dragons : 2 - Coutelas : 2.
15:49 of 2nd period - Corban Knight wins face-off versus Tanner Richard in neutral zone.
16:30 of 2nd period - Minor Penalty to Sam Carrick for Roughing.
16:31 of 2nd period - Corban Knight wins face-off versus Tanner Richard in Ice Dragons zone.
18:30 of 2nd period - Penalty to Sam Carrick is over, Sam Carrick is back on ice.
18:36 of 2nd period - Snap shot by Jordan LaVallee.
18:36 of 2nd period - Shot Blocked by Mikhail Grigorenko.
19:16 of 2nd period - William Carrier is hit by Mattias Janmark and loses puck.
Goals for this period are 1 for Ice Dragons vs 1 for Coutelas.
Shots for this period are 14 for Ice Dragons vs 8 for Coutelas.
3rd period
0:01 of 3rd period - Corban Knight wins face-off versus Tanner Richard in neutral zone.
0:04 of 3rd period - Wrist shot by Jordan LaVallee.
0:04 of 3rd period - Shot Blocked by Dustin Kohn.
0:10 of 3rd period - Snap shot by Tanner Richard.
0:10 of 3rd period - Shot Blocked by Kevin Connauton.
0:48 of 3rd period - Slapshot by Kevin Connauton.
0:48 of 3rd period - Shot Blocked by Mattias Janmark.
1:29 of 3rd period - Mike Reilly is hit by Brandon Kozun.
2:29 of 3rd period - Wrist shot by Theodor Blueger.
2:29 of 3rd period - Stopped by Joe Cannata with a rebound.
3:14 of 3rd period - Snap shot by Billy Sweat.
3:14 of 3rd period - Goal by Billy Sweat - Ice Dragons : 3 - Coutelas : 2.
3:15 of 3rd period - Corban Knight wins face-off versus Juraj Mikus in neutral zone.
3:28 of 3rd period - Snap shot by Teemu Pulkkinen.
3:28 of 3rd period - Stopped by Joacim Eriksson without a rebound.
3:29 of 3rd period - Corban Knight wins face-off versus Tanner Richard in Ice Dragons zone.
4:30 of 3rd period - Slapshot by Theodor Blueger.
4:30 of 3rd period - Deflect By Logan MacMillan.
4:30 of 3rd period - Stopped by Joe Cannata without a rebound.
4:31 of 3rd period - Corban Knight wins face-off versus Tanner Richard in Coutelas zone.
5:03 of 3rd period - Dustin Kohn is hit by Justin Shugg and loses puck.
5:18 of 3rd period - Snap shot by Logan MacMillan.
5:18 of 3rd period - Shot Misses the Net.
5:20 of 3rd period - Wrist shot by Theodor Blueger.
5:20 of 3rd period - Shot Blocked by Mike Amadio.
5:22 of 3rd period - Wrist shot by Robin Norell.
5:22 of 3rd period - Shot Blocked by Ben Harpur.
5:31 of 3rd period - Minor Penalty to Mario Lucia for Interference.
5:32 of 3rd period - Corban Knight wins face-off versus Tanner Richard in Ice Dragons zone.
5:44 of 3rd period - Slapshot by Garnet Hathaway.
5:44 of 3rd period - Shot Misses the Net.
5:46 of 3rd period - Slapshot by Dustin Kohn.
5:46 of 3rd period - Deflect By Garnet Hathaway.
5:46 of 3rd period - Stopped by Joacim Eriksson without a rebound.
5:47 of 3rd period - Tanner Richard wins face-off versus Corban Knight in Ice Dragons zone.
6:14 of 3rd period - Jordan LaVallee is hit by Dustin Kohn and loses puck.
7:05 of 3rd period - Slapshot by Alex Henriksson.
7:05 of 3rd period - Shot Misses the Net.
7:31 of 3rd period - Penalty to Mario Lucia is over, Mario Lucia is back on ice.
7:39 of 3rd period - Snap shot by Mattias Janmark.
7:39 of 3rd period - Stopped by Joacim Eriksson without a rebound.
7:40 of 3rd period - Mikhail Grigorenko wins face-off versus Justin Shugg in Ice Dragons zone.
8:07 of 3rd period - Wrist shot by Craig Cunningham.
8:07 of 3rd period - Shot Misses the Net.
8:09 of 3rd period - Wrist shot by Oliver Bjorkstrand.
8:09 of 3rd period - Deflect By Mike Amadio.
8:09 of 3rd period - Shot Blocked by William Carrier.
8:09 of 3rd period - Puck is out of play.
8:10 of 3rd period - Mike Amadio wins face-off versus Emil Pettersson in Ice Dragons zone.
8:15 of 3rd period - Snap shot by Craig Cunningham.
8:15 of 3rd period - Stopped by Joacim Eriksson with a rebound.
8:20 of 3rd period - Off-side.
8:21 of 3rd period - Corban Knight wins face-off versus Juraj Mikus in neutral zone.
8:36 of 3rd period - Snap shot by Corban Knight.
8:36 of 3rd period - Stopped by Joe Cannata with a rebound.
8:56 of 3rd period - Slapshot by Mike Reilly.
8:56 of 3rd period - Shot Blocked by Kevin Connauton.
8:58 of 3rd period - Slapshot by Nick Mattson.
8:58 of 3rd period - Stopped by Joacim Eriksson without a rebound.
8:59 of 3rd period - Sam Carrick wins face-off versus Tanner Richard in Ice Dragons zone.
9:31 of 3rd period - Slapshot by Billy Sweat.
9:31 of 3rd period - Stopped by Joe Cannata without a rebound.
9:32 of 3rd period - Tanner Richard wins face-off versus Corban Knight in Coutelas zone.
10:49 of 3rd period - Slapshot by Mike Reilly.
10:49 of 3rd period - Stopped by Joacim Eriksson without a rebound.
10:50 of 3rd period - Tanner Richard wins face-off versus Corban Knight in Ice Dragons zone.
11:40 of 3rd period - Kevin Connauton is hit by Mike Amadio and loses puck.
12:21 of 3rd period - Wrist shot by Jordan LaVallee.
12:21 of 3rd period - Stopped by Joe Cannata with a rebound.
12:31 of 3rd period - Snap shot by Teemu Pulkkinen.
12:31 of 3rd period - Shot Misses the Net.
12:33 of 3rd period - Snap shot by Nick Mattson.
12:33 of 3rd period - Deflect By Juraj Mikus.
12:33 of 3rd period - Goal by Juraj Mikus - Ice Dragons : 3 - Coutelas : 3.
12:34 of 3rd period - Corban Knight wins face-off versus Juraj Mikus in neutral zone.
12:49 of 3rd period - Snap shot by Teemu Pulkkinen.
12:49 of 3rd period - Goal by Teemu Pulkkinen - Ice Dragons : 3 - Coutelas : 4.
12:50 of 3rd period - Tanner Richard wins face-off versus Corban Knight in neutral zone.
12:50 of 3rd period - Tanner Richard is hit by Corban Knight.
12:54 of 3rd period - Jordan LaVallee is hit by Tanner Richard and loses puck.
14:42 of 3rd period - Slapshot by Billy Sweat.
14:42 of 3rd period - Shot Misses the Net.
14:44 of 3rd period - Slapshot by Sam Carrick.
14:44 of 3rd period - Stopped by Joe Cannata with a rebound.
14:54 of 3rd period - Slapshot by Julius Honka.
14:54 of 3rd period - Shot Misses the Net.
14:56 of 3rd period - Slapshot by Julius Honka.
14:56 of 3rd period - Deflect By Chris Wagner.
14:56 of 3rd period - Stopped by Joacim Eriksson with a rebound.
14:58 of 3rd period - Snap shot by Craig Cunningham.
14:58 of 3rd period - Stopped by Joacim Eriksson with a rebound.
15:33 of 3rd period - Wrist shot by Corban Knight.
15:33 of 3rd period - Shot Misses the Net.
15:53 of 3rd period - William Carrier is hit by Mike Reilly.
16:04 of 3rd period - Minor Penalty to Nick Mattson for Hooking.
16:05 of 3rd period - Juraj Mikus wins face-off versus Corban Knight in Coutelas zone.
16:14 of 3rd period - Slapshot by Kevin Connauton.
16:14 of 3rd period - Deflect By Corban Knight.
16:14 of 3rd period - Stopped by Joe Cannata without a rebound.
16:15 of 3rd period - Corban Knight wins face-off versus Juraj Mikus in Coutelas zone.
16:16 of 3rd period - Slapshot by Jordan LaVallee.
16:16 of 3rd period - Shot Misses the Net.
16:18 of 3rd period - Slapshot by Zach Trotman.
16:18 of 3rd period - Stopped by Joe Cannata with a rebound.
16:20 of 3rd period - Wrist shot by Jordan LaVallee.
16:20 of 3rd period - Goal by Jordan LaVallee - Ice Dragons : 4 - Coutelas : 4.
16:21 of 3rd period - Mike Amadio wins face-off versus William Carrier in neutral zone.
16:28 of 3rd period - Wrist shot by Craig Cunningham.
16:28 of 3rd period - Shot Misses the Net.
16:30 of 3rd period - Snap shot by Craig Cunningham.
16:30 of 3rd period - Shot Misses the Net.
16:55 of 3rd period - Slapshot by Dustin Kohn.
16:55 of 3rd period - Shot Blocked by Samuel Groulx.
17:59 of 3rd period - Corban Knight is hit by Tanner Richard.
18:11 of 3rd period - Billy Sweat is hit by Ben Harpur and loses puck.
18:20 of 3rd period - Slapshot by Sam Carrick.
18:20 of 3rd period - Shot Misses the Net.
18:22 of 3rd period - Slapshot by Robin Norell.
18:22 of 3rd period - Shot Misses the Net.
18:24 of 3rd period - Minor Penalty to Oliver Bjorkstrand for Hooking.
18:25 of 3rd period - Corban Knight wins face-off versus Juraj Mikus in Coutelas zone.
Goals for this period are 2 for Ice Dragons vs 2 for Coutelas.
Shots for this period are 10 for Ice Dragons vs 10 for Coutelas.
Overtime #1
0:01 of 1st overtime period - Corban Knight wins face-off versus Tanner Richard in neutral zone.
0:22 of 1st overtime period - Dustin Kohn is hit by Corban Knight and loses puck.
0:24 of 1st overtime period - Penalty to Oliver Bjorkstrand is over, Oliver Bjorkstrand is back on ice.
0:37 of 1st overtime period - Snap shot by Dustin Kohn.
0:37 of 1st overtime period - Shot Blocked by Kevin Connauton.
0:43 of 1st overtime period - Craig Cunningham is hit by Jordan LaVallee and loses puck.
1:10 of 1st overtime period - Wrist shot by Teemu Pulkkinen.
1:10 of 1st overtime period - Stopped by Joacim Eriksson without a rebound.
1:11 of 1st overtime period - Oliver Bjorkstrand wins face-off versus Phil Di Giuseppe in Ice Dragons zone.
1:18 of 1st overtime period - Wrist shot by Teemu Pulkkinen.
1:18 of 1st overtime period - Deflect By Oliver Bjorkstrand.
1:18 of 1st overtime period - Stopped by Joacim Eriksson without a rebound.
1:19 of 1st overtime period - Jordan LaVallee wins face-off versus Mike Amadio in Ice Dragons zone.
1:28 of 1st overtime period - Snap shot by Craig Cunningham.
1:28 of 1st overtime period - Shot Blocked by Alex Plante.
1:30 of 1st overtime period - Slapshot by Nick Mattson.
1:30 of 1st overtime period - Stopped by Joacim Eriksson without a rebound.
1:31 of 1st overtime period - Mike Amadio wins face-off versus Corban Knight in Ice Dragons zone.
3:36 of 1st overtime period - Nick Mattson is hit by Billy Sweat and loses puck.
4:18 of 1st overtime period - Snap shot by Cole Ully.
4:18 of 1st overtime period - Shot Misses the Net.
Goals for this period are 0 for Ice Dragons vs 0 for Coutelas.
Shots for this period are 0 for Ice Dragons vs 3 for Coutelas.
ShootOut
5:00 of 1st overtime period - Round #1.
5:00 of 1st overtime period - Ice Dragons, Corban Knight.
5:00 of 1st overtime period - Wrist shot by Corban Knight.
5:00 of 1st overtime period - Stopped by Joe Cannata.
5:00 of 1st overtime period - Coutelas, Oliver Bjorkstrand.
5:00 of 1st overtime period - Deke by Oliver Bjorkstrand.
5:00 of 1st overtime period - Goal by Oliver Bjorkstrand.
5:00 of 1st overtime period - Round #2.
5:00 of 1st overtime period - Ice Dragons, Jordan LaVallee.
5:00 of 1st overtime period - Snap shot by Jordan LaVallee.
5:00 of 1st overtime period - Stopped by Joe Cannata.
5:00 of 1st overtime period - Coutelas, Craig Cunningham.
5:00 of 1st overtime period - Snap shot by Craig Cunningham.
5:00 of 1st overtime period - Stopped by Joacim Eriksson.
5:00 of 1st overtime period - Round #3.
5:00 of 1st overtime period - Ice Dragons, Billy Sweat.
5:00 of 1st overtime period - Snap shot by Billy Sweat.
5:00 of 1st overtime period - Shot Misses the Net.